 Dungeon Crawl Stone Soup version 0.30.0-20-g3615ddf2f0 (webtiles) character file.

Game seed: 6681133932911793550

227889 qw the Peltast (level 19, 1/1 HPs)
             Began as a Gargoyle Fighter on June 1, 2023.
             Was a Believer of Okawaru.
             Quit the game in a wizard's laboratory.
             The game lasted 00:27:56 (49880 turns).

qw the Peltast (Gargoyle Fighter)                  Turns: 49880, Time: 00:27:56

Health: 1/1        AC: 52    Str: 30    XL:     19   Next: 40%
Magic:  26/26      EV:  9    Int: 11    God:    Okawaru [**....]
Gold:   2007       SH: 20    Dex: 13    Spells: 18/18 levels left

rFire   + . .        D - +11 broad axe of Okawaru's Inspiration {flame, Dex+2}
rCold   + . .        t - +0 tower shield
rNeg    + . .        f - +9 plate armour of a Labyrinth {Drain Int+3 Stlth+}
rPois   inf          w - +0 hat of Okawaru's Grace {rPois rF+ Str+3 Dex-5}
rElec   +            I - +1 cloak "Voech" {+Inv rC+ Int-2 Dex+7}
rCorr   .            y - +2 pair of gloves {hurl}
SInv    +            u - +1 pair of boots
Will    +....        B - amulet of faith
Stlth   x              - +4 ring of protection
HPRegen 0.20/turn    H - ring of see invisible
MPRegen 0.20/turn

%: faith
@: flying
A: sickness immunity, AC +14, big wings, negative energy resistance 1,
electricity resistance, torment resistance 1, petrification resistance
}: 1/15 runes: decaying
a: Renounce Religion, Evoke Invisibility, Heroism


You were in a wizard's laboratory.
You worshipped Okawaru.
Okawaru was pleased with you.
You visited 7 branches of the dungeon, and saw 31 of its levels.
You also visited: Gauntlet and Wizlab.

You collected 2893 gold pieces.
You spent 886 gold pieces at shops.


Innate Abilities, Weirdness & Mutations

You are immune to sickness and miasma.
Your stone body is resilient. (AC +14)
You are immune to poison.
Your large and strong wings let you fly.
You resist negative energy. (rN+)
You are resistant to electric shocks. (rElec)
You are resistant to unholy torment.
You are immune to petrification.


   Skills:
 - Level 16.0 Fighting
 - Level 18.0 Axes
 - Level 7.4 Throwing
 - Level 14.0 Armour
 + Level 4.1 Dodging
 - Level 18.7 Shields
 - Level 10.0 Invocations


You had 18 spell levels left.
You didn't know any spells.
Your spell library was empty.

Inventory:

Hand Weapons
 D - the +11 broad axe of Okawaru's Inspiration (weapon) {flame, Dex+2}
   (Okawaru gifted it to you on level 13 of the Dungeon)

   Dex:       It affects your dexterity (+2).
Missiles
 g - a silver boomerang
 h - 6 javelins (quivered)
 l - 4 boomerangs of dispersal
 p - 26 boomerangs
Armour
 f - the +9 plate armour of a Labyrinth (worn) {Drain Int+3 Stlth+}
   (You found it on level 9 of the Dungeon)

   Int:       It affects your intelligence (+3).
   Drain:     It drains your maximum health when unequipped.
   Stlth:     It makes you more stealthy.
 k - +0 acid dragon scales
 t - a +0 tower shield (worn)
 u - a +1 pair of boots (worn)
 w - the +0 hat of Okawaru's Grace (worn) {rPois rF+ Str+3 Dex-5}
   (Okawaru gifted it to you on level 2 of the Lair of Beasts)

   Str:       It affects your strength (+3).
   Dex:       It affects your dexterity (-5).
   rF:        It protects you from fire.
   rPois:     It protects you from poison.
 y - a +2 pair of gloves of hurling (worn)
 C - the +1 helmet of Anarchy {-Tele MP+9 Str+3 Dex+4}
   (You found it on level 5 of the Lair of Beasts)

   Str:       It affects your strength (+3).
   Dex:       It affects your dexterity (+4).
   MP:        It affects your magic capacity (+9).
   -Tele:     It prevents most forms of teleportation.
 E - the +1 cloak of Starlight {*Dazzle EV+4 Stlth--}
   (You found it in a wizard's laboratory)

   *Dazzle:   It may blind those who miss an attack against the wearer in melee
   combat.
   EV:        It affects your evasion (+4).
   Stlth:     It makes you much less stealthy.
 F - a +0 helmet
 I - the +1 cloak "Voech" (worn) {+Inv rC+ Int-2 Dex+7}
   (You found it in a wizard's laboratory)

   Int:       It affects your intelligence (-2).
   Dex:       It affects your dexterity (+7).
   rC:        It protects you from cold.
   +Inv:      It lets you turn invisible.
 J - a +4 plate armour of fire resistance
Jewellery
 i - a ring of fire
 o - the ring "Hero's Friend" {Fire Will- Str+8}
   (You found it in a Gauntlet)

   [ring of fire]

   It enhances your fire magic.
   Str:       It affects your strength (+8).
   rF:        It protects you from fire.
   rC:        It makes you vulnerable to cold.
   Will:      It decreases your willpower.
 x - a +4 ring of protection (left hand)
 A - an amulet of reflection
 B - an amulet of faith (around neck)
 H - a ring of see invisible (right hand)
 Y - the ring "Lecegag" {rC+ MP+9 Int-3 Dex+5 Stlth+}
   (You found it on level 4 of the Swamp)

   [ring of magical power]

   Int:       It affects your intelligence (-3).
   Dex:       It affects your dexterity (+5).
   rC:        It protects you from cold.
   MP:        It affects your magic capacity (+9).
   Stlth:     It makes you more stealthy.
Wands
 b - a wand of digging (44)
Scrolls
 c - 14 scrolls of teleportation
 j - 10 scrolls of identify
 G - a scroll of enchant weapon
Potions
 d - 6 potions of might
 e - 8 potions of heal wounds
 m - 7 potions of attraction
 n - 3 potions of mutation
 q - 3 potions of haste
 r - 3 potions of resistance
 s - 2 potions of magic
 v - 5 potions of lignification
 z - 6 potions of curing

Dungeon Overview and Level Annotations

Branches:
Dungeon (15/15)            Temple (1/1) D:5            Lair (5/5) D:11
  Swamp (4/4) Lair:3       Spider (3/4) Lair:3        Slime (0/5) Lair:5
    Orc (2/2) D:11            Elf (0/3) Orc:2        Vaults (1/5) D:14
 Depths (0/4) D:15         WizLab (1/1)             Gauntlet (visited)

Altars:
Ashenzari
Cheibriados
Dithmenos
Elyvilon
Fedhas
Gozag
Hepliaklqana
Kikubaaqudgha
Makhleb
Nemelex Xobeh
Okawaru
Qazlal
Ru
Sif Muna
Trog
Uskayaw
Vehumet
Wu Jian
Xom
Yredelemnul
Zin
The Shining One

Shops:
D:8 (   D:15 *   Orc:1 *   Orc:2 [*[(   Vaults:1 (

Annotations:
Lair:4 2 transporters


Message History

Done exploring.
There is a transporter here.
You enter the transporter and appear at another place.
There is a portal leading out of this place here.
Done exploring.
There is a transporter here.
You enter the transporter and appear at another place.
There is a transporter here.
You enter the transporter and appear at another place.
There is a transporter here.
You enter the transporter and appear at another place.
You see here a scroll of blinking.
You see here a There-And-Back Book.
There is a portal leading out of this place here.
Done exploring.
You see here a ring of flight.
You see here a scroll of noise.
There is a transporter here.
You enter the transporter and appear at another place.
There is a transporter here.
You enter the transporter and appear at another place.
There is a portal leading out of this place here.
Done exploring.
There is a transporter here.
You enter the transporter and appear at another place.
There is a transporter here.
You enter the transporter and appear at another place.
There is a transporter here.
You enter the transporter and appear at another place.
You see here a scroll of blinking.
You see here a There-And-Back Book.
There is a portal leading out of this place here.
Done exploring.
You see here a ring of flight.
You see here a scroll of noise.
There is a transporter here.
You enter the transporter and appear at another place.
Zot's power touches on you...
There is a transporter here.
Are you sure you want to abandon this character and quit the game? (Confirm with "yes".)

...#.##....##...#
#..##.#..###..##.#
#..#..#### #.. ##
###.###.# ... #
...#.#..#### .#.###
...8#.~##..###~#..#
####.#.##...#..#..#
.##.###)....######
^.#.##...~###...@##
####....###.......##
..#.###.##.........#
..##.##.#..:.###..^#
.##.#.~.#......#...#
##^#.8..##.........#
¤##...#.###.......##
¤¤##..##.####...^###
¤¤#...##.# ######.#


There were no monsters in sight!

Vanquished Creatures
  Bai Suzhen (Swamp:3)
  Nikola (Spider:2)
  A bone dragon (Swamp:4)
  Arachne (Spider:2)
  Jorgrun (Swamp:1)
  A tentacled monstrosity (Swamp:4)
  Frances (D:12)
  An eldritch tentacle (WizLab)
  A tentacled starspawn (WizLab)
  Kirke (D:12)
  A thorn hunter (Swamp:2)
  An emperor scorpion (Spider:3)
  4 ghouls (Swamp:3)
  A ghost moth (Spider:2)
  3 broodmothers
  5 bunyips
  An eleionoma (Swamp:1)
  2 spark wasps
  A minotaur (Gauntlet)
  An ettin (D:15)
  A great orb of eyes (Vaults:1)
  2 shambling mangroves
  4 entropy weavers
  5 vault guards (D:14)
  Josephine (Swamp:1)
  3 catoblepae (Lair:5)
  6 ghost crabs
  4 radroaches (Spider:2)
  12 hydras
  A rakshasa (WizLab)
  Erica (D:8)
  5 centaur warriors
  9 alligators
  16 death yaks
  12 two-headed ogres
  4 boulder beetles
  Urug (Lair:5)
  4 tengu warriors
  2 thrashing horrors (WizLab)
  2 hell knights
  A deep elf knight (WizLab)
  A fire crab (Gauntlet)
  2 fire crabs (shapeshifter) (D:15)
  2 soul eaters (WizLab)
  A sun moth (Spider:2)
  A skyshark (Lair:5)
  A pharaoh ant (Spider:2)
  A spectral catoblepas (Lair:3)
  5 goliath frogs
  4 orb spiders
  9 skeletal warriors (D:14)
  2 glowing orange brains (WizLab)
  An obsidian statue (WizLab)
  2 spriggan druids
  2 swamp dragons
  6 bog bodies
  2 spectral hydras (Lair:3)
  A phantasmal warrior (Swamp:4)
  3 wizards
  An anaconda skeleton (WizLab)
  2 deep elf pyromancers
  19 wolf spiders
  4 orc knights
  4 steelbarb worms
  11 ugly things
  7 oklob plants
  8 manticores
  A mana viper (WizLab)
  3 orc sorcerers
  3 will-o-the-wisps
  A black mamba (Lair:4)
  2 cyclopes
  9 elephants
  3 moths of wrath (Spider:2)
  4 torpor snails
  A smoke demon (WizLab)
  2 apocalypse crabs (WizLab)
  Psyche (D:11)
  8 demonic crawlers
  A human skeleton (WizLab)
  11 cane toads
  An orange demon (WizLab)
  2 gargoyles
  3 rime drakes
  An unseen horror (D:11)
  5 yaktaurs (D:15)
  2 swamp worm zombies (Swamp:4)
  5 komodo dragons
  2 efreet
  4 tengu conjurers
  4 hydra zombies (Swamp:4)
  3 bloated husks
  A polar bear (Lair:3)
  A queen bee (Lair:2)
  3 meliai (Spider:3)
  7 trolls
  14 tyrant leeches
  A queen bee (shapeshifter) (D:15)
  17 tarantellas
  3 hornets
  4 spectral swamp dragons (Swamp:4)
  19 blink frogs
  9 slime creatures
  4 dream sheep (Lair:2)
  6 alligator zombies (Swamp:4)
  11 flying skulls (Gauntlet)
  A spriggan (Swamp:4)
  A spriggan skeleton (WizLab)
  9 culicivoras
  14 jumping spiders
  9 wyverns
  Eustachio (D:4)
  4 shadows
  6 wraiths
  A centaur simulacrum (D:11)
  75 yaks
  5 hogs (D:12)
  5 fire bats (Gauntlet)
  2 humans (D:14)
  Grum (D:11)
  10 vampire mosquitoes
  6 basilisks
  3 steam dragons
  54 redbacks
  2 spatial vortices (WizLab)
  21 swamp worms
  4 wargs
  3 hell hounds
  19 water moccasins
  2 acid dragons
  A large abomination (WizLab)
  39 orc warriors
  2 sky beasts (D:8)
  3 swamp dragon zombies (Swamp:4)
  An ice beast (D:7)
  8 black bears
  4 boggarts (D:14)
  4 ogres
  21 centaurs
  A spectral blink frog (Lair:3)
  16 wolves
  5 phantoms
  4 kobold brigands
  A small abomination (WizLab)
  14 bullfrogs
  6 wights
  48 killer bees
  2 electric eels (Lair:1)
  8 howler monkeys
  2 vampire bats (Lair:3)
  A quasit (WizLab)
  3 hounds
  An iron imp (WizLab)
  12 orc priests
  A sleepcap (D:5)
  3 gnoll boudas
  5 iguanas
  38 orc wizards
  3 spectral swamp drakes (Swamp:4)
  2 mummies
  25 gnolls
  A swamp drake zombie (Swamp:4)
  10 adders
  3 white imps (D:5)
  An ufetubus (D:3)
  2 worms
  3 dart slugs
  78 orcs
  12 bats
  5 endoplasms
  4 giant cockroaches
  8 goblins
  9 hobgoblins
  A quokka (D:2)
  9 ball pythons
  3 frilled lizards (D:1)
  50 kobolds
  3 kobold zombies (D:8)
  An orc zombie (D:8)
  9 rats
  A starspawn tentacle (WizLab)
1165 creatures vanquished.

Vanquished Creatures (others)
  A phantasmal warrior (Swamp:4)
  2 bloated husks (Swamp:4)
  4 phantoms (Swamp:4)
  10 foxfires
  A starspawn tentacle (WizLab)
18 creatures vanquished.

Grand Total: 1183 creatures vanquished

Notes
Turn   | Place    | Note
-------+----------+-------------------------------------------
     0 | D:1      | qw the Gargoyle Fighter began the quest for the Orb.
     0 | D:1      | Reached XP level 1. HP: 14/14 MP: 1/1
     0 | D:1      | 0 ||| qw: Version: 0.2-a-102-gdf20003
     0 | D:1      | 0 ||| qw: Game counter: 725
     0 | D:1      | 0 ||| qw: Always use a shield: true
     0 | D:1      | 0 ||| qw: God list: Okawaru
     0 | D:1      | 0 ||| qw: Allow faded altars: false
     0 | D:1      | 0 ||| qw: Do Orc after D:15 true
     0 | D:1      | 0 ||| qw: Do second Lair branch before Depths: true
     0 | D:1      | 0 ||| qw: Lair rune preference: random
     0 | D:1      | 0 ||| qw: Plans: Normal, Zot:1-4, Slime:5, God:TSO, Crypt,
                  | Tomb, Pan, Hells, Abyss, Win
     0 | D:1      | 0 ||| PLANNING D:1-11
    65 | D:1      | 65 ||| Stepping ~*~*~tactically~*~*~ (stealth).
    66 | D:1      | 66 ||| Stepping ~*~*~tactically~*~*~ (stealth).
    67 | D:1      | 67 ||| Stepping ~*~*~tactically~*~*~ (stealth).
   145 | D:1      | Reached XP level 2. HP: 19/19 MP: 2/2
   155 | D:1      | 155 ||| Stepping ~*~*~tactically~*~*~ (stealth).
   281 | D:1      | 281 ||| Stepping ~*~*~tactically~*~*~ (stealth).
   365 | D:1      | Reached skill level 3 in Axes
   365 | D:1      | Reached XP level 3. HP: 22/23 MP: 3/3
   571 | D:1      | 571 ||| UPGRADING to +0 pair of gloves.
   576 | D:1      | 576 ||| READING scroll labelled OSSE DOCRARU.
   577 | D:1      | 577 ||| READING scroll labelled ARGHAN JEONKOIGG.
   578 | D:1      | 578 ||| DRINKING 2 lumpy orange potions.
   742 | D:2      | Found a stormy altar of Qazlal.
   758 | D:2      | 758 ||| Stepping ~*~*~tactically~*~*~ (stealth).
   759 | D:2      | 759 ||| Stepping ~*~*~tactically~*~*~ (stealth).
   996 | D:2      | Reached XP level 4. HP: 28/28 MP: 4/4
  1136 | D:2      | 1136 ||| Stepping ~*~*~tactically~*~*~ (hiding).
  1442 | D:2      | 1442 ||| UPGRADING to +4 ring of protection.
  1443 | D:2      | 1443 ||| READING scroll labelled IGAATE CUIF.
  1444 | D:2      | 1444 ||| READING scroll labelled PAGIGOSMALL.
  1445 | D:2      | 1445 ||| DRINKING 2 blue potions.
  1446 | D:2      | 1446 ||| DRINKING 2 smoky emerald potions.
  1447 | D:2      | 1447 ||| DROPPING potion of flight.
  1509 | D:3      | Found a shimmering altar of Xom.
  1728 | D:3      | 1728 ||| Stepping ~*~*~tactically~*~*~ (stealth).
  1729 | D:3      | 1729 ||| Stepping ~*~*~tactically~*~*~ (stealth).
  1733 | D:3      | 1733 ||| Stepping ~*~*~tactically~*~*~ (stealth).
  1735 | D:3      | 1735 ||| Stepping ~*~*~tactically~*~*~ (hiding).
  1736 | D:3      | 1736 ||| Stepping ~*~*~tactically~*~*~ (hiding).
  1737 | D:3      | 1737 ||| Stepping ~*~*~tactically~*~*~ (hiding).
  1830 | D:3      | 1830 ||| Stepping ~*~*~tactically~*~*~ (hiding).
  1865 | D:3      | 1865 ||| Stepping ~*~*~tactically~*~*~ (hiding).
  1866 | D:3      | 1866 ||| Stepping ~*~*~tactically~*~*~ (hiding).
  1887 | D:3      | 1887 ||| Stepping ~*~*~tactically~*~*~ (stealth).
  1888 | D:3      | 1888 ||| Stepping ~*~*~tactically~*~*~ (stealth).
  1889 | D:3      | 1889 ||| Stepping ~*~*~tactically~*~*~ (stealth).
  1890 | D:3      | 1890 ||| Stepping ~*~*~tactically~*~*~ (stealth).
  1891 | D:3      | 1891 ||| Stepping ~*~*~tactically~*~*~ (stealth).
  1899 | D:3      | 1899 ||| Stepping ~*~*~tactically~*~*~ (stealth).
  1900 | D:3      | 1900 ||| Stepping ~*~*~tactically~*~*~ (stealth).
  1925 | D:3      | Reached XP level 5. HP: 32/32 MP: 5/5
  1927 | D:3      | 1927 ||| READING scroll of enchant weapon.
  1927 | D:3      | 1927 ||| ENCHANTING +1 war axe.
  2183 | D:3      | Noticed a kobold brigand
  2183 | D:3      | 2183 ||| Stepping ~*~*~tactically~*~*~ (hiding).
  2185 | D:3      | 2185 ||| Stepping ~*~*~tactically~*~*~ (hiding).
  2197 | D:3      | Killed a kobold brigand
  2198 | D:3      | Reached skill level 1 in Dodging
  2198 | D:3      | Reached XP level 6. HP: 31/38 MP: 6/6
  2214 | D:3      | 2214 ||| Stepping ~*~*~tactically~*~*~ (stealth).
  2215 | D:3      | 2215 ||| Stepping ~*~*~tactically~*~*~ (stealth).
  2263 | D:3      | 2263 ||| FLEEEEING.
  2265 | D:3      | 2265 ||| FLEEEEING.
  2266 | D:3      | 2266 ||| FLEEEEING.
  2267 | D:3      | 2267 ||| FLEEEEING.
  2268 | D:3      | 2268 ||| FLEEEEING.
  2269 | D:3      | 2269 ||| FLEEEEING.
  2272 | D:3      | 2272 ||| FLEEEEING.
  2273 | D:3      | 2273 ||| FLEEEEING.
  2274 | D:3      | 2274 ||| FLEEEEING.
  2275 | D:3      | 2275 ||| FLEEEEING.
  2276 | D:3      | 2276 ||| FLEEEEING.
  2277 | D:3      | 2277 ||| FLEEEEING.
  2386 | D:3      | 2386 ||| DROPPING +0 club.
  2528 | D:3      | 2528 ||| Stepping ~*~*~tactically~*~*~ (stealth).
  2531 | D:3      | 2531 ||| Stepping ~*~*~tactically~*~*~ (stealth).
  2592 | D:3      | Found a sparkling altar of Nemelex Xobeh.
  2815 | D:3      | Found a glowing silver altar of Zin.
  2925 | D:3      | 2925 ||| UPGRADING to +0 cloak.
  2930 | D:3      | 2930 ||| UPGRADING to +0 ring mail of fire resistance.
  2940 | D:3      | 2940 ||| UPGRADING to amulet of regeneration.
  2945 | D:3      | 2945 ||| READING scroll labelled GUHAME ONOURCH.
  2946 | D:3      | 2946 ||| READING 5 scrolls of identify.
  2946 | D:3      | 2946 ||| IDENTIFYING emerald potion
  2947 | D:3      | 2947 ||| READING 4 scrolls of identify.
  2947 | D:3      | 2947 ||| IDENTIFYING glowing emerald potion
  2948 | D:3      | 2948 ||| READING 3 scrolls of identify.
  2948 | D:3      | 2948 ||| IDENTIFYING fuming pink potion
  2949 | D:3      | 2949 ||| READING 2 scrolls of identify.
  2949 | D:3      | 2949 ||| IDENTIFYING fizzy dark potion
  3215 | D:4      | 3215 ||| Stepping ~*~*~tactically~*~*~ (hiding).
  3230 | D:4      | 3230 ||| DRINKING 3 potions of curing.
  3230 | D:4      | 3230 ||| (to cure confusion)
  3236 | D:4      | 3236 ||| DRINKING 2 potions of curing.
  3236 | D:4      | 3236 ||| (to cure confusion)
  3257 | D:4      | 3257 ||| READING scroll labelled KATOV VU GEZ.
  3258 | D:4      | 3258 ||| READING 2 scrolls of identify.
  3258 | D:4      | 3258 ||| IDENTIFYING fuming clear potion
  3259 | D:4      | 3259 ||| DROPPING potion of brilliance.
  3268 | D:4      | 3268 ||| STAIRDANCE
  3331 | D:4      | Noticed Eustachio
  3340 | D:4      | Killed Eustachio
  3341 | D:4      | Reached skill level 6 in Axes
  3341 | D:4      | Reached XP level 7. HP: 32/43 MP: 7/7
  3361 | D:4      | Found a broken altar of Ashenzari.
  3409 | D:4      | 3409 ||| DROPPING +0 whip.
  3560 | D:4      | 3560 ||| Stepping ~*~*~tactically~*~*~ (stealth).
  3561 | D:4      | 3561 ||| Stepping ~*~*~tactically~*~*~ (stealth).
  3633 | D:4      | 3633 ||| READING scroll labelled VEZAKHL OCSO.
  3633 | D:4      | Identified a scroll of acquirement
  3633 | D:4      | 3633 ||| ACQUIRING +2 war axe of flaming
  3633 | D:4      | Acquired a +2 war axe of flaming
  3635 | D:4      | 3635 ||| SWAPPING to +2 war axe of flaming.
  3636 | D:4      | 3636 ||| DROPPING +0 flail.
  3637 | D:4      | 3637 ||| DROPPING +2 war axe.
  3640 | D:5      | Entered Level 5 of the Dungeon
  3643 | D:5      | 3643 ||| Stepping ~*~*~tactically~*~*~ (hiding).
  3774 | D:5      | Reached XP level 8. HP: 48/49 MP: 8/8
  3791 | D:5      | 3791 ||| Stepping ~*~*~tactically~*~*~ (hiding).
  3803 | D:5      | Reached skill level 1 in Throwing
  4049 | D:5      | Found a sacrificial altar of Ru.
  4158 | D:5      | 4158 ||| FLEEEEING.
  4159 | D:5      | 4159 ||| FLEEEEING.
  4160 | D:5      | 4160 ||| FLEEEEING.
  4161 | D:5      | 4161 ||| FLEEEEING.
  4162 | D:5      | 4162 ||| FLEEEEING.
  4163 | D:5      | 4163 ||| FLEEEEING.
  4164 | D:5      | 4164 ||| FLEEEEING.
  4165 | D:5      | 4165 ||| FLEEEEING.
  4166 | D:5      | 4166 ||| FLEEEEING.
  4167 | D:5      | 4167 ||| FLEEEEING.
  4168 | D:5      | 4168 ||| FLEEEEING.
  4169 | D:5      | 4169 ||| FLEEEEING.
  4170 | D:5      | 4170 ||| FLEEEEING.
  4171 | D:5      | 4171 ||| FLEEEEING.
  4172 | D:5      | 4172 ||| Stepping ~*~*~tactically~*~*~ (hiding).
  4174 | D:5      | 4174 ||| Stepping ~*~*~tactically~*~*~ (hiding).
  4242 | D:5      | 4242 ||| Stepping ~*~*~tactically~*~*~ (stealth).
  4250 | D:5      | Found a staircase to the Ecumenical Temple.
  4251 | D:5      | 4251 ||| PLANNING TEMPLE
  4257 | D:5      | 4257 ||| DROPPING +0 scale mail.
  4258 | D:5      | 4258 ||| UPGRADING to +0 chain mail.
  4268 | D:5      | 4268 ||| READING scroll labelled KUPSEY LIAKIG.
  4277 | Temple   | Entered the Ecumenical Temple
  4291 | Temple   | 4291 ||| PLANNING D:1-11
  4306 | D:5      | 4306 ||| Stepping ~*~*~tactically~*~*~ (stealth).
  4307 | D:5      | 4307 ||| Stepping ~*~*~tactically~*~*~ (stealth).
  4376 | D:5      | 4376 ||| Stepping ~*~*~tactically~*~*~ (stealth).
  4379 | D:5      | 4379 ||| DRINKING 4 potions of curing.
  4379 | D:5      | 4379 ||| (to cure confusion)
  4534 | D:5      | 4534 ||| READING 2 scrolls labelled IDONOS ARGHEOC.
  4535 | D:5      | 4535 ||| DROPPING scroll of blinking.
  4673 | D:6      | Reached skill level 6 in Fighting
  4802 | D:6      | 4802 ||| Stepping ~*~*~tactically~*~*~ (stealth).
  4818 | D:6      | 4818 ||| READING scroll of enchant weapon.
  4818 | D:6      | 4818 ||| ENCHANTING +2 war axe of flaming.
  4877 | D:6      | Reached skill level 9 in Axes
  4877 | D:6      | Reached XP level 9. HP: 37/55 MP: 9/9
  4943 | D:6      | Found a shimmering blue altar of Sif Muna.
  4997 | D:6      | Found a basalt altar of Yredelemnul.
  5161 | D:6      | 5161 ||| READING scroll labelled ZEDDAE YMEYR.
  5162 | D:6      | 5162 ||| READING scroll labelled FUCUEH MERRO.
  5163 | D:6      | 5163 ||| READING 5 scrolls of identify.
  5163 | D:6      | 5163 ||| IDENTIFYING murky clear potion
  5164 | D:6      | 5164 ||| READING 4 scrolls of identify.
  5164 | D:6      | 5164 ||| IDENTIFYING ruby potion
  5165 | D:6      | 5165 ||| DROPPING potion of berserk rage.
  5233 | D:7      | 5233 ||| Stepping ~*~*~tactically~*~*~ (stealth).
  5237 | D:7      | 5237 ||| Stepping ~*~*~tactically~*~*~ (stealth).
  5239 | D:7      | 5239 ||| Stepping ~*~*~tactically~*~*~ (stealth).
  5241 | D:7      | Noticed a hornet
  5242 | D:7      | 5242 ||| Stepping ~*~*~tactically~*~*~ (stealth).
  5244 | D:7      | 5244 ||| Stepping ~*~*~tactically~*~*~ (hiding).
  5252 | D:7      | Killed a hornet
  5253 | D:7      | 5253 ||| DRINKING 3 potions of curing.
  5253 | D:7      | 5253 ||| (to cure confusion)
  5295 | D:7      | 5295 ||| Stepping ~*~*~tactically~*~*~ (stealth).
  5299 | D:7      | 5299 ||| Stepping ~*~*~tactically~*~*~ (hiding).
  5300 | D:7      | 5300 ||| Stepping ~*~*~tactically~*~*~ (hiding).
  5301 | D:7      | 5301 ||| Stepping ~*~*~tactically~*~*~ (hiding).
  5520 | D:7      | Found a stormy altar of Qazlal.
  5523 | D:7      | Found a burning altar of Makhleb.
  5525 | D:7      | Found a bloodstained altar of Trog.
  5525 | D:7      | Found an iron altar of Okawaru.
  5526 | D:7      | 5526 ||| PLANNING OKAWARU WORSHIP
  5531 | D:7      | Became a worshipper of Warmaster Okawaru
  5531 | D:7      | 5531 ||| PLANNING D:1-11
  5708 | D:7      | 5708 ||| READING scroll labelled ONNOUN NEIDWIRUA.
  5709 | D:7      | 5709 ||| READING scroll labelled FIMPUO EVABOD.
  5749 | D:8      | Noticed a two-headed ogre
  5763 | D:8      | Killed a two-headed ogre
  5763 | D:8      | Reached * piety under Okawaru
  5764 | D:8      | Reached skill level 9 in Fighting
  5764 | D:8      | Reached XP level 10. HP: 20/66 MP: 10/10
  5853 | D:8      | 5853 ||| Stepping ~*~*~tactically~*~*~ (hiding).
  5860 | D:8      | Reached skill level 1 in Invocations
  5955 | D:8      | 5955 ||| INVOKING Heroism.
  5956 | D:8      | 5956 ||| Stepping ~*~*~tactically~*~*~ (cloud).
  5964 | D:8      | Reached skill level 3 in Invocations
  6166 | D:8      | 6166 ||| INVOKING Heroism.
  6307 | D:8      | 6307 ||| Stepping ~*~*~tactically~*~*~ (stealth).
  6334 | D:8      | Found Janwuto's Weapon Shop.
  6445 | D:8      | 6445 ||| READING scroll of enchant weapon.
  6445 | D:8      | 6445 ||| ENCHANTING +3 war axe of flaming.
  6460 | D:8      | Reached ** piety under Okawaru
  6494 | D:8      | 6494 ||| Stepping ~*~*~tactically~*~*~ (hiding).
  6751 | D:8      | Noticed Erica
  6752 | D:8      | 6752 ||| DRINKING 3 potions of curing.
  6752 | D:8      | 6752 ||| (to cure confusion)
  6753 | D:8      | 6753 ||| INVOKING Heroism.
  6754 | D:8      | 6754 ||| DRINKING 2 potions of curing.
  6754 | D:8      | 6754 ||| (to cure confusion)
  6760 | D:8      | Killed Erica
  6792 | D:8      | 6792 ||| DROPPING ring of flight.
  6823 | D:9      | 6823 ||| INVOKING Heroism.
  6827 | D:9      | 6827 ||| Stepping ~*~*~tactically~*~*~ (hiding).
  6839 | D:9      | 6839 ||| Stepping ~*~*~tactically~*~*~ (hiding).
  6843 | D:9      | 6843 ||| Stepping ~*~*~tactically~*~*~ (hiding).
  6845 | D:9      | 6845 ||| INVOKING Heroism.
  7022 | D:9      | 7022 ||| Stepping ~*~*~tactically~*~*~ (hiding).
  7026 | D:9      | 7026 ||| INVOKING Heroism.
  7027 | D:9      | Noticed a two-headed ogre
  7037 | D:9      | Killed a two-headed ogre
  7038 | D:9      | Reached XP level 11. HP: 69/71 MP: 12/14
  7131 | D:9      | 7131 ||| Stepping ~*~*~tactically~*~*~ (stealth).
  7133 | D:9      | 7133 ||| Stepping ~*~*~tactically~*~*~ (stealth).
  7212 | D:9      | 7212 ||| Stepping ~*~*~tactically~*~*~ (stealth).
  7213 | D:9      | Noticed a two-headed ogre
  7214 | D:9      | 7214 ||| INVOKING Heroism.
  7225 | D:9      | Killed a two-headed ogre
  7225 | D:9      | Reached *** piety under Okawaru
  7241 | D:9      | Reached skill level 12 in Axes
  7253 | D:9      | Noticed a two-headed ogre
  7258 | D:9      | 7258 ||| INVOKING Heroism.
  7262 | D:9      | HP: 13/71 [two-headed ogre/+0 giant club (16)]
  7263 | D:9      | 7263 ||| DRINKING 3 potions of heal wounds.
  7264 | D:9      | 7264 ||| DRINKING 2 potions of heal wounds.
  7269 | D:9      | Killed a two-headed ogre
  7269 | D:9      | Received a gift from Okawaru
  7270 | D:9      | Reached skill level 6 in Shields
  7289 | D:9      | 7289 ||| Stepping ~*~*~tactically~*~*~ (stealth).
  7291 | D:9      | 7291 ||| Stepping ~*~*~tactically~*~*~ (stealth).
  7293 | D:9      | 7293 ||| Stepping ~*~*~tactically~*~*~ (stealth).
  7312 | D:9      | 7312 ||| READING scroll of enchant weapon.
  7312 | D:9      | 7312 ||| ENCHANTING +4 war axe of flaming.
  7317 | D:9      | Noticed a two-headed ogre
  7318 | D:9      | 7318 ||| INVOKING Heroism.
  7326 | D:9      | Killed a two-headed ogre
  7349 | D:9      | 7349 ||| Stepping ~*~*~tactically~*~*~ (water).
  7351 | D:9      | 7351 ||| DRINKING 2 potions of curing.
  7351 | D:9      | 7351 ||| (to cure confusion)
  7352 | D:9      | 7352 ||| Stepping ~*~*~tactically~*~*~ (water).
  7353 | D:9      | 7353 ||| Stepping ~*~*~tactically~*~*~ (water).
  7354 | D:9      | 7354 ||| Stepping ~*~*~tactically~*~*~ (water).
  7361 | D:9      | Reached **** piety under Okawaru
  7378 | D:9      | 7378 ||| Stepping ~*~*~tactically~*~*~ (stealth).
  7379 | D:9      | 7379 ||| Stepping ~*~*~tactically~*~*~ (stealth).
  7387 | D:9      | Noticed a manticore
  7388 | D:9      | 7388 ||| INVOKING Heroism.
  7395 | D:9      | Killed a manticore
  7401 | D:9      | 7401 ||| Stepping ~*~*~tactically~*~*~ (hiding).
  7406 | D:9      | 7406 ||| INVOKING Heroism.
  7444 | D:9      | 7444 ||| DRINKING potion of curing.
  7444 | D:9      | 7444 ||| (to cure confusion)
  7463 | D:9      | Identified the +9 plate armour of a Labyrinth {Drain Int+3
                  | Stlth+}
  7782 | D:9      | 7782 ||| UPGRADING to +9 plate armour of a Labyrinth {Drain
                  | Int+3 Stlth+}.
  7792 | D:9      | 7792 ||| DROPPING +0 chain mail.
  7793 | D:9      | 7793 ||| DROPPING +0 plate armour.
  7794 | D:9      | 7794 ||| DROPPING +0 ring mail of fire resistance.
  7795 | D:9      | 7795 ||| UPGRADING to +0 pair of boots.
  7834 | D:10     | Entered Level 10 of the Dungeon
  7834 | D:10     | Found a snail-covered altar of Cheibriados.
  7840 | D:10     | Received a gift from Okawaru
  7853 | D:10     | 7853 ||| Stepping ~*~*~tactically~*~*~ (stealth).
  8021 | D:10     | 8021 ||| Stepping ~*~*~tactically~*~*~ (stealth).
  8073 | D:10     | 8073 ||| Stepping ~*~*~tactically~*~*~ (stealth).
  8085 | D:10     | Reached XP level 12. HP: 77/77 MP: 16/16
  8103 | D:10     | 8103 ||| Stepping ~*~*~tactically~*~*~ (hiding).
  8245 | D:10     | 8245 ||| INVOKING Heroism.
  8302 | D:10     | Noticed a two-headed ogre
  8312 | D:10     | Killed a two-headed ogre
  8313 | D:10     | Reached skill level 6 in Invocations
  8349 | D:10     | 8349 ||| Stepping ~*~*~tactically~*~*~ (stealth).
  8461 | D:10     | Noticed a two-headed ogre
  8471 | D:10     | Killed a two-headed ogre
  8472 | D:10     | Reached skill level 9 in Armour
  8601 | D:10     | 8601 ||| READING scroll labelled NUJIMA HOTEEHE.
  8640 | D:11     | Noticed Grum
  8641 | D:11     | 8641 ||| INVOKING Heroism.
  8665 | D:11     | Killed Grum
  8683 | D:11     | Received a gift from Okawaru
  8688 | D:11     | Found a shadowy altar of Dithmenos.
  8839 | D:11     | 8839 ||| Stepping ~*~*~tactically~*~*~ (stealth).
  8841 | D:11     | 8841 ||| INVOKING Heroism.
  8846 | D:11     | 8846 ||| Stepping ~*~*~tactically~*~*~ (stealth).
  8862 | D:11     | 8862 ||| Stepping ~*~*~tactically~*~*~ (hiding).
  8971 | D:11     | Reached ***** piety under Okawaru
  9000 | D:11     | Found a staircase to the Orcish Mines.
  9076 | D:11     | Found a staircase to the Lair.
  9095 | D:11     | Noticed a two-headed ogre
  9101 | D:11     | Killed a two-headed ogre
  9102 | D:11     | Reached skill level 3 in Throwing
  9129 | D:11     | 9129 ||| INVOKING Heroism.
  9183 | D:11     | 9183 ||| UPGRADING to +0 tower shield.
  9195 | D:11     | 9195 ||| Stepping ~*~*~tactically~*~*~ (stealth).
  9205 | D:11     | Reached skill level 9 in Invocations
  9212 | D:11     | 9212 ||| UPGRADING to +0 tower shield.
  9222 | D:11     | 9222 ||| DROPPING +0 buckler.
  9249 | D:11     | Noticed Psyche
  9249 | D:11     | Noticed a two-headed ogre
  9250 | D:11     | 9250 ||| INVOKING Heroism.
  9258 | D:11     | 9258 ||| DRINKING 2 potions of cancellation.
  9260 | D:11     | Killed a two-headed ogre
  9260 | D:11     | Received a gift from Okawaru
  9260 | D:11     | Killed Psyche
  9398 | D:11     | 9398 ||| PLANNING LAIR
  9398 | D:11     | 9398 ||| READING 9 scrolls of identify.
  9398 | D:11     | 9398 ||| IDENTIFYING amethyst potion
  9399 | D:11     | 9399 ||| DROPPING potion of degeneration.
  9409 | Lair:1   | Entered Level 1 of the Lair of Beasts
  9445 | Lair:1   | Reached XP level 13. HP: 82/82 MP: 20/20
  9475 | Lair:1   | 9475 ||| Stepping ~*~*~tactically~*~*~ (stealth).
  9605 | Lair:1   | 9605 ||| Stepping ~*~*~tactically~*~*~ (stealth).
  9607 | Lair:1   | 9607 ||| INVOKING Heroism.
  9608 | Lair:1   | 9608 ||| Stepping ~*~*~tactically~*~*~ (stealth).
  9620 | Lair:1   | Received a gift from Okawaru
  9699 | Lair:1   | 9699 ||| INVOKING Heroism.
  9707 | Lair:1   | Reached skill level 9 in Shields
  9729 | Lair:1   | 9729 ||| Stepping ~*~*~tactically~*~*~ (stealth).
 10191 | Lair:1   | 10191 ||| READING scroll labelled EWOMEPNAKAOD.
 10194 | Lair:1   | 10194 ||| READING 9 scrolls of identify.
 10194 | Lair:1   | 10194 ||| IDENTIFYING grey potion
 10230 | Lair:2   | 10230 ||| INVOKING Heroism.
 10231 | Lair:2   | 10231 ||| Stepping ~*~*~tactically~*~*~ (stealth).
 10241 | Lair:2   | 10241 ||| INVOKING Heroism.
 10259 | Lair:2   | 10259 ||| Stepping ~*~*~tactically~*~*~ (stealth).
 10326 | Lair:2   | 10326 ||| Stepping ~*~*~tactically~*~*~ (stealth).
 10349 | Lair:2   | 10349 ||| Stepping ~*~*~tactically~*~*~ (hiding).
 10404 | Lair:2   | 10404 ||| Stepping ~*~*~tactically~*~*~ (stealth).
 10431 | Lair:2   | 10431 ||| INVOKING Heroism.
 10447 | Lair:2   | Identified the +0 hat of Okawaru's Grace {rPois rF+ Str+3
                  | Dex-5} (Okawaru gifted it to you on level 2 of the Lair of
                  | Beasts)
 10447 | Lair:2   | Received a gift from Okawaru
 10468 | Lair:2   | 10468 ||| INVOKING Heroism.
 10516 | Lair:2   | 10516 ||| Stepping ~*~*~tactically~*~*~ (stealth).
 10526 | Lair:2   | 10526 ||| Stepping ~*~*~tactically~*~*~ (stealth).
 10527 | Lair:2   | 10527 ||| Stepping ~*~*~tactically~*~*~ (stealth).
 10557 | Lair:2   | 10557 ||| Stepping ~*~*~tactically~*~*~ (stealth).
 10655 | Lair:2   | 10655 ||| INVOKING Heroism.
 10660 | Lair:2   | 10660 ||| Stepping ~*~*~tactically~*~*~ (stealth).
 10661 | Lair:2   | 10661 ||| Stepping ~*~*~tactically~*~*~ (stealth).
 10666 | Lair:2   | 10666 ||| Stepping ~*~*~tactically~*~*~ (stealth).
 10674 | Lair:2   | Reached skill level 12 in Shields
 10676 | Lair:2   | 10676 ||| INVOKING Heroism.
 10801 | Lair:2   | Identified the +7 mace of Broken Luck {flame, +Blink rF+
                  | rN+}
 10828 | Lair:2   | 10828 ||| READING scroll of enchant weapon.
 10828 | Lair:2   | 10828 ||| ENCHANTING +5 war axe of flaming.
 11065 | Lair:2   | 11065 ||| UPGRADING to +0 hat of Okawaru's Grace {rPois rF+
                  | Str+3 Dex-5}.
 11070 | Lair:2   | 11070 ||| DRINKING 4 sedimented dark potions.
 11071 | Lair:2   | 11071 ||| DRINKING potion of curing.
 11071 | Lair:2   | 11071 ||| (to cure confusion)
 11072 | Lair:2   | 11072 ||| DROPPING 3 potions of ambrosia.
 11110 | Lair:3   | Found a hole to the Spider Nest.
 11111 | Lair:3   | 11111 ||| PLANNING GAUNTLET
 11184 | Lair:3   | Found a gate leading to a gauntlet.
 11212 | Lair:3   | 11212 ||| Stepping ~*~*~tactically~*~*~ (stealth).
 11220 | Lair:3   | 11220 ||| Stepping ~*~*~tactically~*~*~ (stealth).
 11222 | Lair:3   | 11222 ||| Stepping ~*~*~tactically~*~*~ (stealth).
 11252 | Gauntlet | Entered a Gauntlet
 11252 | Gauntlet | Found a transporter.
 11252 | Gauntlet | Found a transporter.
 11252 | Gauntlet | Found a transporter.
 11272 | Gauntlet | Found a transporter.
 11286 | Gauntlet | Found a transporter.
 11286 | Gauntlet | Found a transporter.
 11296 | Gauntlet | Found a transporter.
 11317 | Gauntlet | Found a transporter.
 11334 | Gauntlet | Found a transporter.
 11338 | Gauntlet | Found a transporter.
 11352 | Gauntlet | Found a transporter.
 11352 | Gauntlet | Found a transporter.
 11440 | Gauntlet | 11440 ||| INVOKING Heroism.
 11460 | Gauntlet | 11460 ||| READING 9 scrolls of identify.
 11460 | Gauntlet | 11460 ||| IDENTIFYING fizzy blue potion
 11461 | Gauntlet | 11461 ||| DRINKING potion of experience.
 11461 | Gauntlet | Reached skill level 15 in Shields
 11461 | Gauntlet | Gained mutation: Your large and strong wings let you fly.
                  | [Gargoyle growth]
 11461 | Gauntlet | Reached XP level 14. HP: 88/88 MP: 21/21
 11482 | Gauntlet | Reached XP level 15. HP: 89/92 MP: 22/22
 11503 | Gauntlet | Identified the ring "Hero's Friend" {Fire Will- Str+8}
 11506 | Gauntlet | 11506 ||| UPGRADING to ring "Hero's Friend" {Fire Will-
                  | Str+8}.
 11507 | Gauntlet | 11507 ||| REMOVING +0 hat of Okawaru's Grace {rPois rF+
                  | Str+3 Dex-5}.
 11512 | Gauntlet | 11512 ||| READING 8 scrolls of identify.
 11512 | Gauntlet | 11512 ||| IDENTIFYING black potion
 11536 | Gauntlet | 11536 ||| Stepping randomly (stuck).
 11547 | Gauntlet | 11547 ||| UPGRADING to +2 pair of gloves of hurling.
 11557 | Gauntlet | 11557 ||| DROPPING +0 pair of gloves.
 11592 | Gauntlet | 11592 ||| INVOKING Heroism.
 11655 | Gauntlet | 11655 ||| UPGRADING to amulet of reflection.
 11665 | Gauntlet | 11665 ||| DROPPING amulet of regeneration.
 11679 | Lair:3   | 11679 ||| PLANNING LAIR
 11744 | Lair:3   | 11744 ||| FLEEEEING.
 11745 | Lair:3   | 11745 ||| FLEEEEING.
 11834 | Lair:3   | 11834 ||| Stepping ~*~*~tactically~*~*~ (stealth).
 11985 | Lair:3   | 11985 ||| INVOKING Heroism.
 11986 | Lair:3   | 11986 ||| INVOKING Finesse.
 12001 | Lair:3   | 12001 ||| DRINKING potion of cancellation.
 12112 | Lair:3   | 12112 ||| Stepping ~*~*~tactically~*~*~ (stealth).
 12114 | Lair:3   | 12114 ||| Stepping ~*~*~tactically~*~*~ (stealth).
 12385 | Lair:3   | 12385 ||| INVOKING Heroism.
 12493 | Lair:3   | Found a staircase to the Swamp.
 12940 | Lair:4   | Found a transporter.
 12965 | Lair:4   | 12965 ||| Stepping ~*~*~tactically~*~*~ (hiding).
 12967 | Lair:4   | 12967 ||| Stepping ~*~*~tactically~*~*~ (hiding).
 12968 | Lair:4   | 12968 ||| Stepping ~*~*~tactically~*~*~ (hiding).
 12987 | Lair:4   | 12987 ||| Stepping ~*~*~tactically~*~*~ (stealth).
 13041 | Lair:4   | Received a gift from Okawaru
 13269 | Lair:4   | 13269 ||| INVOKING Heroism.
 13517 | Lair:4   | Found a transporter.
 13784 | Lair:5   | Entered Level 5 of the Lair of Beasts
 13831 | Lair:5   | Noticed Urug
 13832 | Lair:5   | 13832 ||| INVOKING Heroism.
 13833 | Lair:5   | 13833 ||| INVOKING Finesse.
 13853 | Lair:5   | Killed Urug
 13966 | Lair:5   | 13966 ||| Stepping ~*~*~tactically~*~*~ (stealth).
 14153 | Lair:5   | 14153 ||| Stepping ~*~*~tactically~*~*~ (hiding).
 14262 | Lair:5   | Received a gift from Okawaru
 14426 | Lair:5   | Identified the +8 quarterstaff of the Philosopher {flame,
                  | *Noise Dex+5}
 14532 | Lair:5   | Identified the +1 helmet of Anarchy {-Tele MP+9 Str+3
                  | Dex+4}
 14596 | Lair:5   | Reached skill level 6 in Throwing
 14625 | Lair:5   | Identified the +4 broad axe of the Median {speed, rElec rC-
                  | rN+} (Okawaru gifted it to you on level 5 of the Lair of
                  | Beasts)
 14625 | Lair:5   | Received a gift from Okawaru
 14634 | Lair:5   | Reached ****** piety under Okawaru
 14640 | Lair:5   | 14640 ||| SWAPPING to +4 broad axe of the Median {speed,
                  | rElec rC- rN+}.
 14718 | Lair:5   | 14718 ||| FLEEEEING.
 14719 | Lair:5   | 14719 ||| FLEEEEING.
 14722 | Lair:5   | 14722 ||| FLEEEEING.
 14723 | Lair:5   | 14723 ||| FLEEEEING.
 14724 | Lair:5   | 14724 ||| FLEEEEING.
 14725 | Lair:5   | 14725 ||| FLEEEEING.
 14726 | Lair:5   | 14726 ||| FLEEEEING.
 14727 | Lair:5   | 14727 ||| FLEEEEING.
 14728 | Lair:5   | 14728 ||| FLEEEEING.
 14729 | Lair:5   | 14729 ||| FLEEEEING.
 14730 | Lair:5   | 14730 ||| FLEEEEING.
 14731 | Lair:5   | 14731 ||| INVOKING Heroism.
 14732 | Lair:5   | 14732 ||| INVOKING Finesse.
 14734 | Lair:5   | 14734 ||| SWAPPING to +6 war axe of flaming.
 14741 | Lair:5   | Reached XP level 16. HP: 88/100 MP: 16/23
 14741 | Lair:5   | 14741 ||| SWAPPING to +4 broad axe of the Median {speed,
                  | rElec rC- rN+}.
 15034 | Lair:5   | 15034 ||| INVOKING Heroism.
 15035 | Lair:5   | 15035 ||| INVOKING Finesse.
 15039 | Lair:5   | 15039 ||| SWAPPING to +6 war axe of flaming.
 15043 | Lair:5   | 15043 ||| SWAPPING to +4 broad axe of the Median {speed,
                  | rElec rC- rN+}.
 15090 | Lair:5   | 15090 ||| FLEEEEING.
 15139 | Lair:5   | 15139 ||| FLEEEEING.
 15184 | Lair:5   | 15184 ||| INVOKING Heroism.
 15185 | Lair:5   | 15185 ||| INVOKING Finesse.
 15186 | Lair:5   | Found a staircase to the Slime Pits.
 15457 | Lair:5   | 15457 ||| PLANNING D
 15457 | Lair:5   | 15457 ||| READING 2 scrolls labelled COOPTE YJONO.
 15558 | Lair:5   | 15558 ||| READING scroll labelled OGAHUE YR XUGI.
 15559 | Lair:5   | 15559 ||| DROPPING scroll of silence.
 15586 | Lair:5   | 15586 ||| Stepping ~*~*~tactically~*~*~ (stealth).
 15587 | Lair:5   | 15587 ||| Stepping ~*~*~tactically~*~*~ (stealth).
 15691 | D:12     | Noticed Frances
 15692 | D:12     | 15692 ||| FLEEEEING.
 15693 | D:12     | 15693 ||| FLEEEEING.
 15696 | D:12     | 15696 ||| STAIRDANCE
 15817 | D:12     | 15817 ||| INVOKING Heroism.
 15818 | D:12     | 15818 ||| INVOKING Finesse.
 15830 | D:12     | Killed Frances
 15851 | D:12     | 15851 ||| Stepping ~*~*~tactically~*~*~ (stealth).
 15854 | D:12     | 15854 ||| Stepping ~*~*~tactically~*~*~ (stealth).
 15855 | D:12     | Noticed Kirke
 15868 | D:12     | Killed Kirke
 15869 | D:12     | Reached skill level 15 in Axes
 16150 | D:12     | Reached skill level 3 in Dodging
 16473 | D:13     | 16473 ||| Stepping ~*~*~tactically~*~*~ (hiding).
 16626 | D:13     | 16626 ||| Stepping ~*~*~tactically~*~*~ (hiding).
 16627 | D:13     | 16627 ||| Stepping ~*~*~tactically~*~*~ (hiding).
 16628 | D:13     | 16628 ||| Stepping ~*~*~tactically~*~*~ (hiding).
 16699 | D:13     | 16699 ||| Stepping ~*~*~tactically~*~*~ (stealth).
 16829 | D:13     | 16829 ||| Stepping ~*~*~tactically~*~*~ (hiding).
 16840 | D:13     | Identified the +11 broad axe of Okawaru's Inspiration
                  | {flame, Dex+2} (Okawaru gifted it to you on level 13 of the
                  | Dungeon)
 16840 | D:13     | Received a gift from Okawaru
 16842 | D:13     | 16842 ||| DROPPING +6 war axe of flaming.
 17260 | D:13     | 17260 ||| UPGRADING to amulet of faith.
 17310 | D:14     | 17310 ||| INVOKING Heroism.
 17331 | D:14     | Reached skill level 12 in Fighting
 17351 | D:14     | 17351 ||| Stepping ~*~*~tactically~*~*~ (stealth).
 17354 | D:14     | 17354 ||| Stepping ~*~*~tactically~*~*~ (stealth).
 17359 | D:14     | 17359 ||| Stepping ~*~*~tactically~*~*~ (stealth).
 17363 | D:14     | 17363 ||| Stepping ~*~*~tactically~*~*~ (stealth).
 17428 | D:14     | 17428 ||| Stepping ~*~*~tactically~*~*~ (stealth).
 17429 | D:14     | 17429 ||| Stepping ~*~*~tactically~*~*~ (stealth).
 17431 | D:14     | 17431 ||| INVOKING Heroism.
 17444 | D:14     | 17444 ||| INVOKING Finesse.
 17445 | D:14     | 17445 ||| Stepping ~*~*~tactically~*~*~ (stealth).
 17450 | D:14     | 17450 ||| Stepping ~*~*~tactically~*~*~ (stealth).
 17451 | D:14     | 17451 ||| Stepping ~*~*~tactically~*~*~ (stealth).
 17484 | D:14     | HP: 7/101 [boulder beetle (21)]
 17485 | D:14     | 17485 ||| READING 5 scrolls of teleportation.
 17486 | D:14     | 17486 ||| DRINKING 4 potions of heal wounds.
 17657 | D:14     | 17657 ||| INVOKING Heroism.
 17817 | D:14     | 17817 ||| Invisibility monster not found???
 17937 | D:14     | 17937 ||| INVOKING Heroism.
 17938 | D:14     | Paralysed by an orc sorcerer for 2 turns
 17943 | D:14     | 17943 ||| Stepping ~*~*~tactically~*~*~ (hiding).
 17954 | D:14     | Paralysed by an orc sorcerer for 4 turns
 17965 | D:14     | Received a gift from Okawaru
 18103 | D:14     | Found a gate to the Vaults.
 18263 | D:14     | Found a glowing golden altar of the Shining One.
 18263 | D:14     | Found a white marble altar of Elyvilon.
 18264 | D:14     | Found a glowing silver altar of Zin.
 18412 | D:15     | Entered Level 15 of the Dungeon
 18412 | D:15     | Found Zairrig's General Store.
 18416 | D:15     | Identified the +0 robe "Amaupn" {rC+ Str+2} (Okawaru gifted
                  | it to you on level 15 of the Dungeon)
 18416 | D:15     | Received a gift from Okawaru
 18472 | D:15     | 18472 ||| BUYING +0 helmet (63 gold).
 18472 | D:15     | Bought a +0 helmet for 63 gold pieces
 18472 | D:15     | 18472 ||| BUYING potion of curing (42 gold).
 18472 | D:15     | Bought a potion of curing for 42 gold pieces
 18472 | D:15     | 18472 ||| BUYING scroll of enchant weapon (105 gold).
 18472 | D:15     | Bought a scroll of enchant weapon for 105 gold pieces
 18503 | D:15     | 18503 ||| Stepping ~*~*~tactically~*~*~ (hiding).
 18513 | D:15     | 18513 ||| INVOKING Heroism.
 18514 | D:15     | 18514 ||| INVOKING Finesse.
 18584 | D:15     | Found a staircase to the Depths.
 18690 | D:15     | 18690 ||| Stepping ~*~*~tactically~*~*~ (hiding).
 18748 | D:15     | 18748 ||| Stepping ~*~*~tactically~*~*~ (hiding).
 18752 | D:15     | 18752 ||| Stepping ~*~*~tactically~*~*~ (hiding).
 18753 | D:15     | 18753 ||| Stepping ~*~*~tactically~*~*~ (hiding).
 18755 | D:15     | 18755 ||| Stepping ~*~*~tactically~*~*~ (hiding).
 18764 | D:15     | 18764 ||| Stepping ~*~*~tactically~*~*~ (hiding).
 18767 | D:15     | 18767 ||| Stepping ~*~*~tactically~*~*~ (hiding).
 18803 | D:15     | 18803 ||| Stepping ~*~*~tactically~*~*~ (hiding).
 18804 | D:15     | 18804 ||| Stepping ~*~*~tactically~*~*~ (hiding).
 18805 | D:15     | 18805 ||| Stepping ~*~*~tactically~*~*~ (hiding).
 19074 | D:15     | 19074 ||| Stepping ~*~*~tactically~*~*~ (stealth).
 19167 | D:15     | 19167 ||| Stepping ~*~*~tactically~*~*~ (hiding).
 19522 | D:15     | 19522 ||| PLANNING ORC
 19522 | D:15     | 19522 ||| UPGRADING to +0 helmet.
 19670 | Orc:1    | Entered Level 1 of the Orcish Mines
 19715 | Orc:1    | 19715 ||| Stepping ~*~*~tactically~*~*~ (stealth).
 19718 | Orc:1    | 19718 ||| Stepping ~*~*~tactically~*~*~ (stealth).
 19722 | Orc:1    | 19722 ||| Stepping ~*~*~tactically~*~*~ (hiding).
 19724 | Orc:1    | 19724 ||| Stepping ~*~*~tactically~*~*~ (hiding).
 19725 | Orc:1    | 19725 ||| Stepping ~*~*~tactically~*~*~ (hiding).
 19747 | Orc:1    | 19747 ||| Stepping ~*~*~tactically~*~*~ (stealth).
 19816 | Orc:2    | Entered Level 2 of the Orcish Mines
 19818 | Orc:2    | 19818 ||| Stepping ~*~*~tactically~*~*~ (hiding).
 19818 | Orc:2    | Found a staircase to the Elven Halls.
 19819 | Orc:2    | 19819 ||| Stepping ~*~*~tactically~*~*~ (hiding).
 19826 | Orc:2    | 19826 ||| Stepping ~*~*~tactically~*~*~ (hiding).
 19834 | Orc:2    | 19834 ||| DRINKING 3 potions of curing.
 19834 | Orc:2    | 19834 ||| (to cure confusion)
 19884 | Orc:2    | 19884 ||| Stepping ~*~*~tactically~*~*~ (hiding).
 19907 | Orc:2    | Reached XP level 17. HP: 106/106 MP: 24/24
 19909 | Orc:2    | 19909 ||| Stepping ~*~*~tactically~*~*~ (hiding).
 19910 | Orc:2    | 19910 ||| Stepping ~*~*~tactically~*~*~ (hiding).
 19924 | Orc:2    | 19924 ||| Stepping ~*~*~tactically~*~*~ (stealth).
 19926 | Orc:2    | 19926 ||| Stepping ~*~*~tactically~*~*~ (hiding).
 20041 | Orc:1    | Found Gap Qaal's Gadget Gallery.
 20055 | Orc:1    | 20055 ||| BUYING wand of digging (3) (176 gold).
 20055 | Orc:1    | Bought a wand of digging (3) for 176 gold pieces
 20055 | Orc:1    | 20055 ||| Stepping ~*~*~tactically~*~*~ (stealth).
 20059 | Orc:1    | 20059 ||| Stepping ~*~*~tactically~*~*~ (hiding).
 20061 | Orc:1    | 20061 ||| Stepping ~*~*~tactically~*~*~ (hiding).
 20062 | Orc:1    | 20062 ||| Stepping ~*~*~tactically~*~*~ (hiding).
 20063 | Orc:1    | 20063 ||| Stepping ~*~*~tactically~*~*~ (hiding).
 20065 | Orc:1    | 20065 ||| Stepping ~*~*~tactically~*~*~ (hiding).
 20084 | Orc:1    | 20084 ||| Stepping ~*~*~tactically~*~*~ (hiding).
 20091 | Orc:1    | 20091 ||| Stepping ~*~*~tactically~*~*~ (hiding).
 20329 | Orc:1    | 20329 ||| Stepping ~*~*~tactically~*~*~ (hiding).
 20387 | Orc:1    | 20387 ||| Stepping ~*~*~tactically~*~*~ (hiding).
 20389 | Orc:1    | 20389 ||| Stepping ~*~*~tactically~*~*~ (hiding).
 20400 | Orc:1    | 20400 ||| DRINKING 2 potions of curing.
 20400 | Orc:1    | 20400 ||| (to cure confusion)
 20438 | Orc:2    | 20438 ||| Stepping ~*~*~tactically~*~*~ (hiding).
 20439 | Orc:2    | 20439 ||| Stepping ~*~*~tactically~*~*~ (hiding).
 20440 | Orc:2    | 20440 ||| Stepping ~*~*~tactically~*~*~ (hiding).
 20487 | Orc:2    | Reached skill level 12 in Armour
 20489 | Orc:2    | 20489 ||| INVOKING Heroism.
 20590 | Orc:2    | 20590 ||| INVOKING Heroism.
 20594 | Orc:2    | Found Loanwaur's Armour Shop.
 20617 | Orc:2    | 20617 ||| INVOKING Heroism.
 20658 | Orc:2    | 20658 ||| Stepping ~*~*~tactically~*~*~ (stealth).
 20681 | Orc:2    | 20681 ||| Stepping ~*~*~tactically~*~*~ (stealth).
 20770 | Orc:2    | 20770 ||| Stepping ~*~*~tactically~*~*~ (stealth).
 20901 | Orc:2    | Found Boen Bae's General Store.
 20901 | Orc:2    | Found Haovoyki's Armour Emporium.
 20901 | Orc:2    | Found Saub's Weapon Shoppe.
 20912 | Orc:2    | 20912 ||| BUYING +4 plate armour of fire resistance (500
                  | gold).
 20912 | Orc:2    | Bought a +4 plate armour of fire resistance for 500 gold
                  | pieces
 21072 | Orc:2    | 21072 ||| PLANNING SWAMP:1-3
 21296 | Swamp:1  | Entered Level 1 of the Swamp
 21296 | Swamp:1  | Noticed Jorgrun
 21309 | Swamp:1  | Killed Jorgrun
 21309 | Swamp:1  | Received a gift from Okawaru
 21336 | Swamp:1  | 21336 ||| INVOKING Heroism.
 21403 | Swamp:1  | 21403 ||| INVOKING Heroism.
 21411 | Swamp:1  | 21411 ||| SWAPPING to +11 broad axe of Okawaru's
                  | Inspiration {flame, Dex+2}.
 21501 | Swamp:1  | 21501 ||| DROPPING +4 broad axe of the Median {speed, rElec
                  | rC- rN+}.
 21591 | Swamp:1  | 21591 ||| FLEEEEING.
 21592 | Swamp:1  | 21592 ||| FLEEEEING.
 21665 | Swamp:1  | 21665 ||| Stepping ~*~*~tactically~*~*~ (hiding).
 21668 | Swamp:1  | 21668 ||| INVOKING Heroism.
 21748 | Swamp:1  | 21748 ||| Stepping ~*~*~tactically~*~*~ (hiding).
 21749 | Swamp:1  | 21749 ||| Stepping ~*~*~tactically~*~*~ (hiding).
 21970 | Swamp:1  | Noticed Josephine
 21971 | Swamp:1  | 21971 ||| Stepping ~*~*~tactically~*~*~ (hiding).
 21972 | Swamp:1  | 21972 ||| Stepping ~*~*~tactically~*~*~ (hiding).
 21973 | Swamp:1  | 21973 ||| Stepping ~*~*~tactically~*~*~ (hiding).
 21976 | Swamp:1  | 21976 ||| Stepping ~*~*~tactically~*~*~ (hiding).
 21983 | Swamp:1  | Killed Josephine
 21986 | Swamp:1  | Received a gift from Okawaru
 22018 | Swamp:1  | Identified the +1 pair of gloves of the Scribe {Harm
                  | Rampage rPois Str-3}
 22133 | Swamp:1  | 22133 ||| DROPPING +1 pair of gloves of the Scribe {Harm
                  | Rampage rPois Str-3}.
 22134 | Swamp:1  | 22134 ||| UPGRADING to ring of see invisible.
 22136 | Swamp:1  | 22136 ||| UPGRADING to +0 hat of Okawaru's Grace {rPois rF+
                  | Str+3 Dex-5}.
 22260 | Swamp:2  | 22260 ||| Stepping ~*~*~tactically~*~*~ (hiding).
 22267 | Swamp:2  | 22267 ||| INVOKING Heroism.
 22523 | Swamp:2  | 22523 ||| INVOKING Heroism.
 22524 | Swamp:2  | 22524 ||| INVOKING Finesse.
 22824 | Swamp:3  | 22824 ||| Stepping ~*~*~tactically~*~*~ (hiding).
 22825 | Swamp:3  | 22825 ||| Stepping ~*~*~tactically~*~*~ (hiding).
 22826 | Swamp:3  | 22826 ||| Stepping ~*~*~tactically~*~*~ (hiding).
 22830 | Swamp:3  | 22830 ||| Stepping ~*~*~tactically~*~*~ (cloud).
 22903 | Swamp:3  | Received a gift from Okawaru
 22907 | Swamp:3  | 22907 ||| INVOKING Heroism.
 22961 | Swamp:3  | 22961 ||| FLEEEEING.
 22976 | Swamp:3  | 22976 ||| FLEEEEING.
 22977 | Swamp:3  | 22977 ||| FLEEEEING.
 22978 | Swamp:3  | 22978 ||| FLEEEEING.
 22979 | Swamp:3  | 22979 ||| FLEEEEING.
 22980 | Swamp:3  | 22980 ||| FLEEEEING.
 22981 | Swamp:3  | 22981 ||| FLEEEEING.
 22983 | Swamp:3  | 22983 ||| FLEEEEING.
 22984 | Swamp:3  | 22984 ||| FLEEEEING.
 22985 | Swamp:3  | 22985 ||| FLEEEEING.
 22986 | Swamp:3  | 22986 ||| FLEEEEING.
 22987 | Swamp:3  | 22987 ||| FLEEEEING.
 22988 | Swamp:3  | 22988 ||| FLEEEEING.
 22990 | Swamp:3  | 22990 ||| STAIRDANCE
 23048 | Swamp:3  | 23048 ||| STAIRDANCE
 23151 | Swamp:3  | 23151 ||| INVOKING Heroism.
 23250 | Swamp:3  | Noticed Bai Suzhen
 23251 | Swamp:3  | 23251 ||| INVOKING Heroism.
 23252 | Swamp:3  | 23252 ||| INVOKING Finesse.
 23269 | Swamp:3  | Killed Bai Suzhen
 23276 | Swamp:3  | 23276 ||| Stepping ~*~*~tactically~*~*~ (cloud).
 23305 | Swamp:3  | Received a gift from Okawaru
 23379 | Swamp:3  | 23379 ||| INVOKING Heroism.
 23533 | Swamp:3  | 23533 ||| Stepping ~*~*~tactically~*~*~ (stealth).
 23553 | Swamp:3  | Received a gift from Okawaru
 23587 | Swamp:3  | 23587 ||| Stepping ~*~*~tactically~*~*~ (stealth).
 23835 | Swamp:3  | 23835 ||| Stepping ~*~*~tactically~*~*~ (hiding).
 23836 | Swamp:3  | 23836 ||| Stepping ~*~*~tactically~*~*~ (hiding).
 23988 | Swamp:3  | 23988 ||| PLANNING SPIDER:1-3
 24147 | Spider:1 | Entered Level 1 of the Spider Nest
 24196 | Spider:1 | Reached XP level 18. HP: 86/114 MP: 25/25
 24196 | Spider:1 | 24196 ||| INVOKING Heroism.
 24205 | Spider:1 | 24205 ||| INVOKING Finesse.
 24275 | Spider:1 | 24275 ||| Stepping ~*~*~tactically~*~*~ (stealth).
 24278 | Spider:1 | 24278 ||| Stepping ~*~*~tactically~*~*~ (stealth).
 24285 | Spider:1 | 24285 ||| INVOKING Finesse.
 24294 | Spider:1 | 24294 ||| Stepping ~*~*~tactically~*~*~ (hiding).
 24384 | Spider:1 | 24384 ||| Stepping ~*~*~tactically~*~*~ (stealth).
 24434 | Spider:1 | 24434 ||| Stepping ~*~*~tactically~*~*~ (hiding).
 24436 | Spider:1 | 24436 ||| Stepping ~*~*~tactically~*~*~ (stealth).
 24511 | Spider:1 | 24511 ||| Stepping ~*~*~tactically~*~*~ (stealth).
 24529 | Spider:1 | 24529 ||| INVOKING Heroism.
 24558 | Spider:1 | 24558 ||| Stepping ~*~*~tactically~*~*~ (stealth).
 24698 | Spider:1 | 24698 ||| FLEEEEING.
 24708 | Spider:1 | Reached skill level 18 in Axes
 24720 | Spider:1 | 24720 ||| Stepping ~*~*~tactically~*~*~ (stealth).
 24723 | Spider:1 | 24723 ||| Stepping ~*~*~tactically~*~*~ (stealth).
 24818 | Spider:1 | 24818 ||| Stepping ~*~*~tactically~*~*~ (stealth).
 24834 | Spider:1 | 24834 ||| Stepping ~*~*~tactically~*~*~ (stealth).
 24835 | Spider:1 | 24835 ||| Stepping ~*~*~tactically~*~*~ (stealth).
 24844 | Spider:1 | Received a gift from Okawaru
 24848 | Spider:1 | 24848 ||| Stepping ~*~*~tactically~*~*~ (stealth).
 24850 | Spider:1 | 24850 ||| Stepping ~*~*~tactically~*~*~ (hiding).
 24854 | Spider:1 | 24854 ||| INVOKING Finesse.
 24926 | Spider:1 | 24926 ||| Stepping ~*~*~tactically~*~*~ (stealth).
 24935 | Spider:1 | 24935 ||| INVOKING Heroism.
 25406 | Spider:2 | 25406 ||| INVOKING Heroism.
 25460 | Spider:2 | 25460 ||| INVOKING Heroism.
 25676 | Spider:2 | 25676 ||| INVOKING Heroism.
 25679 | Spider:2 | 25679 ||| Stepping ~*~*~tactically~*~*~ (stealth).
 25793 | Spider:2 | 25793 ||| INVOKING Heroism.
 25829 | Spider:2 | Received a gift from Okawaru
 25884 | Spider:2 | 25884 ||| INVOKING Heroism.
 26095 | Spider:2 | 26095 ||| FLEEEEING.
 26151 | Spider:2 | Noticed Arachne
 26152 | Spider:2 | 26152 ||| INVOKING Finesse.
 26174 | Spider:2 | Noticed Nikola
 26175 | Spider:2 | 26175 ||| INVOKING Heroism.
 26180 | Spider:2 | Killed Arachne
 26190 | Spider:2 | Killed Nikola
 26191 | Spider:2 | Reached skill level 18 in Shields
 26398 | Spider:2 | 26398 ||| Stepping ~*~*~tactically~*~*~ (stealth).
 26401 | Spider:2 | 26401 ||| INVOKING Finesse.
 26541 | Spider:2 | 26541 ||| Stepping ~*~*~tactically~*~*~ (hiding).
 26550 | Spider:2 | 26550 ||| INVOKING Finesse.
 26758 | Spider:2 | 26758 ||| READING scroll of enchant armour.
 26758 | Spider:2 | 26758 ||| ENCHANTING +0 pair of boots.
 26894 | Spider:2 | 26894 ||| DROPPING amulet of the acrobat.
 27041 | Spider:3 | 27041 ||| Stepping ~*~*~tactically~*~*~ (stealth).
 27091 | Spider:3 | 27091 ||| Stepping ~*~*~tactically~*~*~ (stealth).
 27092 | Spider:3 | 27092 ||| Stepping ~*~*~tactically~*~*~ (stealth).
 27158 | Spider:3 | 27158 ||| Stepping ~*~*~tactically~*~*~ (stealth).
 27160 | Spider:3 | 27160 ||| INVOKING Heroism.
 27165 | Spider:3 | Received a gift from Okawaru
 27175 | Spider:3 | 27175 ||| INVOKING Finesse.
 27287 | Spider:3 | 27287 ||| Stepping ~*~*~tactically~*~*~ (stealth).
 27379 | Spider:3 | 27379 ||| Stepping ~*~*~tactically~*~*~ (stealth).
 27501 | Spider:3 | 27501 ||| Stepping ~*~*~tactically~*~*~ (stealth).
 27505 | Spider:3 | Received a gift from Okawaru
 27519 | Spider:3 | Reached skill level 15 in Fighting
 27522 | Spider:3 | 27522 ||| Stepping ~*~*~tactically~*~*~ (stealth).
 27524 | Spider:3 | 27524 ||| INVOKING Finesse.
 27576 | Spider:3 | 27576 ||| Stepping ~*~*~tactically~*~*~ (stealth).
 27578 | Spider:3 | 27578 ||| INVOKING Heroism.
 27978 | Spider:3 | 27978 ||| Stepping ~*~*~tactically~*~*~ (hiding).
 27979 | Spider:3 | 27979 ||| Stepping ~*~*~tactically~*~*~ (hiding).
 28118 | Spider:3 | 28118 ||| PLANNING SWAMP:4
 28348 | Swamp:4  | Entered Level 4 of the Swamp
 28357 | Swamp:4  | 28357 ||| STAIRDANCE
 28470 | Swamp:4  | Noticed a tentacled monstrosity
 28471 | Swamp:4  | 28471 ||| INVOKING Heroism.
 28478 | Swamp:4  | Killed a tentacled monstrosity
 28530 | Swamp:4  | 28530 ||| Stepping ~*~*~tactically~*~*~ (hiding).
 28557 | Swamp:4  | Found a frozen archway.
 28559 | Swamp:4  | 28559 ||| INVOKING Heroism.
 28585 | Swamp:4  | Identified the ring "Lecegag" {rC+ MP+9 Int-3 Dex+5 Stlth+}
 28742 | Swamp:4  | 28742 ||| Stepping ~*~*~tactically~*~*~ (cloud).
 28745 | Swamp:4  | Reached XP level 19. HP: 85/124 MP: 26/26
 28745 | Swamp:4  | 28745 ||| Stepping ~*~*~tactically~*~*~ (cloud).
 28746 | Swamp:4  | 28746 ||| INVOKING Heroism.
 28768 | Swamp:4  | 28768 ||| Stepping ~*~*~tactically~*~*~ (stealth).
 28829 | Swamp:4  | 28829 ||| Stepping ~*~*~tactically~*~*~ (cloud).
 28923 | Swamp:4  | 28923 ||| INVOKING Heroism.
 28924 | Swamp:4  | 28924 ||| INVOKING Finesse.
 28959 | Swamp:4  | 28959 ||| FLEEEEING.
 28962 | Swamp:4  | 28962 ||| FLEEEEING.
 28966 | Swamp:4  | 28966 ||| FLEEEEING.
 28968 | Swamp:4  | 28968 ||| FLEEEEING.
 28969 | Swamp:4  | 28969 ||| FLEEEEING.
 28970 | Swamp:4  | 28970 ||| FLEEEEING.
 28971 | Swamp:4  | 28971 ||| FLEEEEING.
 28972 | Swamp:4  | 28972 ||| FLEEEEING.
 28973 | Swamp:4  | 28973 ||| FLEEEEING.
 28974 | Swamp:4  | 28974 ||| FLEEEEING.
 28975 | Swamp:4  | 28975 ||| FLEEEEING.
 28976 | Swamp:4  | 28976 ||| FLEEEEING.
 28977 | Swamp:4  | 28977 ||| FLEEEEING.
 28978 | Swamp:4  | 28978 ||| FLEEEEING.
 28979 | Swamp:4  | 28979 ||| FLEEEEING.
 28980 | Swamp:4  | 28980 ||| FLEEEEING.
 28981 | Swamp:4  | 28981 ||| FLEEEEING.
 28982 | Swamp:4  | 28982 ||| FLEEEEING.
 28983 | Swamp:4  | 28983 ||| FLEEEEING.
 28984 | Swamp:4  | 28984 ||| FLEEEEING.
 28985 | Swamp:4  | 28985 ||| FLEEEEING.
 28986 | Swamp:4  | 28986 ||| FLEEEEING.
 28987 | Swamp:4  | 28987 ||| FLEEEEING.
 28988 | Swamp:4  | 28988 ||| FLEEEEING.
 28989 | Swamp:4  | 28989 ||| FLEEEEING.
 28990 | Swamp:4  | 28990 ||| FLEEEEING.
 28991 | Swamp:4  | 28991 ||| FLEEEEING.
 28992 | Swamp:4  | 28992 ||| FLEEEEING.
 29077 | Swamp:4  | Noticed a bone dragon
 29078 | Swamp:4  | 29078 ||| Stepping ~*~*~tactically~*~*~ (hiding).
 29095 | Swamp:4  | Killed a bone dragon
 29183 | Swamp:4  | Got a decaying rune of Zot
 29426 | Swamp:4  | 29426 ||| PLANNING VAULTS:1-4
 29426 | Swamp:4  | 29426 ||| DROPPING ring of positive energy.
 29427 | Swamp:4  | 29427 ||| UPGRADING to ring "Lecegag" {rC+ MP+9 Int-3 Dex+5
                  | Stlth+}.
 29771 | Vaults:1 | Entered Level 1 of the Vaults
 29771 | Vaults:1 | Found Zinlinom's Weapon Shop.
 29772 | Vaults:1 | 29772 ||| PLANNING WIZLAB
 29779 | Vaults:1 | Received a gift from Okawaru
 29841 | Vaults:1 | Found a magical portal.
 29846 | WizLab   | Entered The Roulette of Golubria
 29846 | WizLab   | Found a transporter.
 29849 | WizLab   | Found the +1 cloak of Starlight {*Dazzle EV+4 Stlth--}
 29849 | WizLab   | Found a corrupted altar of Lugonu.
 29890 | WizLab   | 29890 ||| Stepping ~*~*~tactically~*~*~ (hiding).
 30029 | WizLab   | Found a transporter.
 30056 | WizLab   | Found a transporter.
 30059 | WizLab   | 30059 ||| Stepping ~*~*~tactically~*~*~ (hiding).
 30074 | WizLab   | Found a transporter.
 30135 | WizLab   | Found a corrupted altar of Lugonu.
 30137 | WizLab   | Found a transporter.
 30167 | WizLab   | 30167 ||| Stepping ~*~*~tactically~*~*~ (hiding).
 30199 | WizLab   | Found a transporter.
 30199 | WizLab   | Found a transporter.
 30214 | WizLab   | Found a transporter.
 30252 | WizLab   | Found a transporter.
 30307 | WizLab   | Found a transporter.
 30345 | WizLab   | Found a transporter.
 30418 | WizLab   | Found a transporter.
 30464 | WizLab   | Found a transporter.
 30464 | WizLab   | Found a transporter.
 30476 | WizLab   | Received a gift from Okawaru
 30484 | WizLab   | Found a transporter.
 30652 | WizLab   | Found a transporter.
 30652 | WizLab   | Found a transporter.
 30663 | WizLab   | 30663 ||| INVOKING Heroism.
 30821 | WizLab   | Found a transporter.
 30821 | WizLab   | Found a transporter.
 30845 | WizLab   | 30845 ||| INVOKING Heroism.
 30846 | WizLab   | 30846 ||| INVOKING Finesse.
 30857 | WizLab   | Found a transporter.
 30891 | WizLab   | Identified the +1 cloak "Voech" {+Inv rC+ Int-2 Dex+7}
 30918 | WizLab   | 30918 ||| UPGRADING to +1 cloak of Starlight {*Dazzle EV+4
                  | Stlth--}.
 30928 | WizLab   | 30928 ||| DROPPING +0 cloak.
 30929 | WizLab   | 30929 ||| UPGRADING to +1 cloak "Voech" {+Inv rC+ Int-2
                  | Dex+7}.
 30939 | WizLab   | 30939 ||| DROPPING +2 cloak of poison resistance.
 30940 | WizLab   | 30940 ||| DROPPING +2 cloak of preservation.
 30941 | WizLab   | 30941 ||| UPGRADING to +4 ring of protection.
 34879 | WizLab   | Glimpsed the power of Zot.
 35379 | WizLab   | Glimpsed the power of Zot.
 35779 | WizLab   | Glimpsed the power of Zot.
 35879 | WizLab   | Touched by the power of Zot.
 35880 | WizLab   | Glimpsed the power of Zot.
 36380 | WizLab   | Glimpsed the power of Zot.
 36780 | WizLab   | Glimpsed the power of Zot.
 36879 | WizLab   | Touched by the power of Zot.
 36880 | WizLab   | Glimpsed the power of Zot.
 37380 | WizLab   | Glimpsed the power of Zot.
 37780 | WizLab   | Glimpsed the power of Zot.
 37879 | WizLab   | Touched by the power of Zot.
 37880 | WizLab   | Glimpsed the power of Zot.
 38380 | WizLab   | Glimpsed the power of Zot.
 38780 | WizLab   | Glimpsed the power of Zot.
 38879 | WizLab   | Touched by the power of Zot.
 38880 | WizLab   | Glimpsed the power of Zot.
 39380 | WizLab   | Glimpsed the power of Zot.
 39780 | WizLab   | Glimpsed the power of Zot.
 39879 | WizLab   | Touched by the power of Zot.
 39880 | WizLab   | Glimpsed the power of Zot.
 40380 | WizLab   | Glimpsed the power of Zot.
 40780 | WizLab   | Glimpsed the power of Zot.
 40879 | WizLab   | Touched by the power of Zot.
 40880 | WizLab   | Glimpsed the power of Zot.
 41380 | WizLab   | Glimpsed the power of Zot.
 41780 | WizLab   | Glimpsed the power of Zot.
 41879 | WizLab   | Touched by the power of Zot.
 41880 | WizLab   | Glimpsed the power of Zot.
 42380 | WizLab   | Glimpsed the power of Zot.
 42780 | WizLab   | Glimpsed the power of Zot.
 42879 | WizLab   | Touched by the power of Zot.
 42880 | WizLab   | Glimpsed the power of Zot.
 43380 | WizLab   | Glimpsed the power of Zot.
 43780 | WizLab   | Glimpsed the power of Zot.
 43879 | WizLab   | Touched by the power of Zot.
 43880 | WizLab   | Glimpsed the power of Zot.
 44380 | WizLab   | Glimpsed the power of Zot.
 44780 | WizLab   | Glimpsed the power of Zot.
 44879 | WizLab   | Touched by the power of Zot.
 44880 | WizLab   | Glimpsed the power of Zot.
 45380 | WizLab   | Glimpsed the power of Zot.
 45780 | WizLab   | Glimpsed the power of Zot.
 45879 | WizLab   | Touched by the power of Zot.
 45880 | WizLab   | Glimpsed the power of Zot.
 46380 | WizLab   | Glimpsed the power of Zot.
 46780 | WizLab   | Glimpsed the power of Zot.
 46879 | WizLab   | Touched by the power of Zot.
 46880 | WizLab   | Glimpsed the power of Zot.
 47380 | WizLab   | Glimpsed the power of Zot.
 47780 | WizLab   | Glimpsed the power of Zot.
 47879 | WizLab   | Touched by the power of Zot.
 47880 | WizLab   | Glimpsed the power of Zot.
 48380 | WizLab   | Glimpsed the power of Zot.
 48780 | WizLab   | Glimpsed the power of Zot.
 48879 | WizLab   | Touched by the power of Zot.
 48880 | WizLab   | Glimpsed the power of Zot.
 49380 | WizLab   | Glimpsed the power of Zot.
 49780 | WizLab   | Glimpsed the power of Zot.
 49879 | WizLab   | Touched by the power of Zot.
 49880 | WizLab   | Quit the game

Levels and vault maps discovered:
D:1:      lightli_arrival_farm, layout_rooms
D:2:      layout_basic, basic_altar
D:3:      minmay_goblin_kobold_castle, layout_basic,
          nicolae_overflow_hidden_temple, mainiacjoe_overflow_paths,
          zin_treasury
D:4:      layout_loops_ring, overflow_temple_1_default, uniq_eustachio
D:5:      layout_loops_cross, nicolae_ru_path_of_blood,
          minmay_temple_entry_waves
D:6:      minmay_general_purpose_star, layout_cave_pools,
          mainiacjoe_overflow_boulevard, kennysheep_mini
D:7:      layout_rooms, mainiacjoe_overflow_alcove_3
D:8:      layout_gridville, serial_shops, shop, minmay_mini_ossuary, uniq_erica
D:9:      cheibrodos_ideogram_h, layout_basic
D:10:     layout_gridville, slow_altar_2, minmay_between
D:11:     layout_basic, due_lair_maze_entry_diamond, david_orc_4,
          nicolae_dithmenos_through_a_glass_darkly, uniq_psyche, uniq_grum
D:12:     layout_rooms, uniq_kirke, uniq_frances
D:13:     layout_cave_pods
D:14:     layout_rooms, grunt_vaults_entry_fortified, good_gods_mini_temple
D:15:     hangedman_depths_entry_civil_slaughter, layout_basic, serial_shops,
          shop, minmay_liquid_box
Temple:   hellmonk_temple_rainy
Lair:1:   layout_long_grid, serial_bayou_shore_a, serial_bayou_shore_b
Lair:2:   regret_index_bee_streams, layout_cave_shapes, beast_lair_carwin_6
Lair:3:   layout_small_grid, nicolae_swamp_entry_spooky,
          spider_nest_entry_web_field, gauntlet_entry_generic, st_stairs_7,
          roderic_batcave, dpeg_oklob_1
Lair:4:   gammafunk_worm_tunnel, layout_regular_city
Lair:5:   evilmike_catoblepas_cave, layout_small_grid,
          minmay_slime_entry_oklob_enclosed, serial_forest,
          infiniplex_forest_clump_diagonal, infiniplex_forest_end_2,
          infiniplex_forest_lined_2, infiniplex_forest_clump_medium,
          infiniplex_forest_clump_curved, infiniplex_forest_clump_small,
          infiniplex_forest_lined_corner, infiniplex_forest_corner_2,
          infiniplex_forest_clump_double, uniq_urug
Swamp:1:  layout_basic_swamp, evilmike_swamp_ruin_rubble_1,
          infiniplex_staircase_pool, uniq_jorgrun, uniq_josephine
Swamp:2:  layout_basic_swamp, hangedman_swamp_pad
Swamp:3:  layout_basic_swamp, evilmike_swamp_ruin_house_1, swamp_pool3,
          nicolae_swamp_soggy_hallways, uniq_bai_suzhen
Swamp:4:  swamp_pestilence, layout_basic_swamp,
          portal_ice_cave_entry_pillars_four
Spider:1: layout_spider_delve
Spider:2: layout_cave_pods, hellmonk_spider_spawner, uniq_nikola, uniq_arachne
Spider:3: layout_spider_delve, nicolae_spider_cling_halls,
          hangedman_spider_tarantella_strand
Orc:1:    layout_diamond_mine, nicolae_shop_gadgets
Orc:2:    st_orc_rangers, layout_caves, nicolae_orc_rockfall
Vaults:1: mu_enter_wizlab_2, nicolae_vaults_more_shelving_1, v_misc_11,
          ontoclasm_vaults_chip, nicolae_vaults_trapezoid_layered,
          vaults_room_grid, v_rooms_5, kennysheep_vaults_gozag_temple,
          nicolae_vaults_shelves_hall, nicolae_vaults_rhombus_5,
          vaults_room_grunt_arrival_ludios, vaults_dpeg_encased_lava,
          layout_vaults_ring, serial_shops, shop
WizLab:   wizlab_golubria

Skill      XL: |  1  2  3  4  5  6  7  8  9 10 11 12 13 14 15 16 17 18 19 |
---------------+----------------------------------------------------------+-----
Axes           | 2 3 4 5 6 7 9 10 11 12 14 16 17 18 | 18.0
Fighting       | 4 5 6 9 10 11 12 13 15 16 | 16.0
Dodging        | 1 2 3 4 |  4.1
Throwing       | 1 3 6 7 |  7.4
Armour         | 4 5 7 9 10 11 12 14 | 14.0
Shields        | 4 5 6 7 15 16 17 18 | 18.7
Invocations    | 4 5 9 10 | 10.0

Action                     |  1- 3 |  4- 6 |  7- 9 | 10-12 | 13-15 | 16-18 | 19-21 || total
---------------------------+-------+-------+-------+-------+-------+-------+-------++-------
  Melee: War axe           |   103 |   235 |   243 |   487 |   629 |     3 |       ||  1700
         Broad axe         |       |       |       |       |    23 |  1386 |   245 ||  1654
  Throw: Boomerang         |       |    39 |    53 |    39 |    35 |     5 |     7 ||   178
         Javelin           |       |       |       |     9 |   116 |   283 |    35 ||   443
 Invoke: Heroism           |       |       |       |    16 |    15 |    33 |     4 ||    68
         Finesse           |       |       |       |       |     3 |    15 |     2 ||    20
    Use: Scroll            |     2 |    10 |    10 |     4 |     5 |     4 |       ||    35
         Potion            |     1 |     4 |     2 |     7 |     4 |     3 |       ||    21
   Stab: Petrifying        |       |       |       |       |     1 |       |       ||     1
 Armour: Scale mail        |    58 |   116 |       |       |       |       |       ||   174
         Ring mail         |       |    18 |    62 |       |       |       |       ||    80
         Chain mail        |       |       |   130 |   168 |       |       |       ||   298
         Plate armour      |       |       |       |   189 |   387 |   682 |   105 ||  1363
  Dodge: Dodged            |    44 |    84 |    82 |   188 |   136 |   236 |    30 ||   800
  Block: Buckler           |    20 |    41 |    53 |   112 |       |       |       ||   226
         Tower shield      |       |       |       |    16 |   591 |   989 |   163 ||  1759
         Reflection        |       |       |       |       |     3 |     9 |       ||    12

Table legend:
 A = Non-vault XP
 B = Vault XP
 C = Vault XP percentage of total XP
 D = Non-vault monster count
 E = Vault monster count
 F = Vault count percentage of total count
                 A         B        C        D         E       F
            +---------+---------+-------+---------+---------+-------
      Total |  205558 |  112383 |  35.3 |     757 |     410 |  35.1
            +---------+---------+-------+---------+---------+-------
        D:1 |      34 |       0 |   0.0 |      21 |       0 |   0.0
        D:2 |      62 |       0 |   0.0 |      21 |       0 |   0.0
        D:3 |      75 |     353 |  82.5 |      19 |      56 |  74.7
        D:4 |     299 |     214 |  41.7 |      21 |       1 |   4.5
        D:5 |     611 |       0 |   0.0 |      29 |       0 |   0.0
        D:6 |     770 |     156 |  16.8 |      11 |       4 |  26.7
        D:7 |    1679 |       0 |   0.0 |      26 |       0 |   0.0
        D:8 |    2780 |     858 |  23.6 |      26 |       6 |  18.8
        D:9 |    3634 |    5140 |  58.6 |      32 |      25 |  43.9
       D:10 |    4732 |     475 |   9.1 |      20 |       4 |  16.7
       D:11 |    5333 |    3049 |  36.4 |      19 |      34 |  64.2
       D:12 |    3953 |    3994 |  50.3 |      10 |       7 |  41.2
       D:13 |    5214 |       0 |   0.0 |      12 |       0 |   0.0
       D:14 |   14310 |    6317 |  30.6 |      35 |      10 |  22.2
       D:15 |    9899 |    4273 |  30.2 |      20 |       6 |  23.1
     Lair:1 |    6476 |       0 |   0.0 |      29 |       0 |   0.0
     Lair:2 |    4836 |    6954 |  59.0 |      20 |      55 |  73.3
     Lair:3 |    6785 |    5255 |  43.6 |      27 |      19 |  41.3
     Lair:4 |   11543 |       0 |   0.0 |      25 |       0 |   0.0
     Lair:5 |    8531 |   14044 |  62.2 |      25 |      27 |  51.9
    Swamp:1 |   13503 |    3715 |  21.6 |      21 |       6 |  22.2
    Swamp:2 |    8135 |       0 |   0.0 |      15 |       0 |   0.0
    Swamp:3 |   17256 |    7526 |  30.4 |      28 |       7 |  20.0
    Swamp:4 |    8645 |   11794 |  57.7 |      18 |      36 |  66.7
   Spider:1 |   18438 |       0 |   0.0 |      53 |       0 |   0.0
   Spider:2 |   21411 |    8758 |  29.0 |      47 |      11 |  19.0
   Spider:3 |   15904 |     277 |   1.7 |      46 |       1 |   2.1
      Orc:1 |    3762 |       0 |   0.0 |      34 |       0 |   0.0
      Orc:2 |    3710 |    5434 |  59.4 |      42 |      37 |  46.8
   Vaults:1 |    3238 |       0 |   0.0 |       5 |       0 |   0.0
     WizLab |       0 |   18016 | 100.0 |       0 |      37 | 100.0
   Gauntlet |       0 |    5781 | 100.0 |       0 |      21 | 100.0
            +---------+---------+-------+---------+---------+-------
